 Dungeon Crawl Stone Soup version 0.27-a0-906-g0a00ce863d (webtiles) character file.

Game seed: 4006795391596970855

46 jestyr24 the Stinger (level 3, -2/19 HPs)
             Began as a Deep Elf Venom Mage on Apr 7, 2021.
             Slain by a gnoll
             ... wielding a +1 vorpal spear
              (6 damage)
             ... on level 2 of the Dungeon.
             The game lasted 00:08:37 (1455 turns).

jestyr24 the Stinger (Deep Elf Venom Mage)          Turns: 1455, Time: 00:08:38

Health: -2/19      AC:  2    Str:  5    XL:     3   Next: 46%
Magic:  6/10       EV: 12    Int: 20    God:
Gold:   27         SH:  0    Dex: 15    Spells: 8/9 levels left

rFire    . . .     SeeInvis .   c - +0 dagger (protect)
rCold    . . .     Faith    .   (no shield)
rNeg     . . .     Spirit   .   a - +0 robe
rPois    .         Reflect  .   (no helmet)
rElec    .         Harm     .   (no cloak)
rCorr    .         Rampage  .   (no gloves)
Will     .....                  (no boots)
Stlth    ++........             (no amulet)
HPRegen  0.06/turn              (no ring)
MPRegen  0.12/turn              (no ring)

@: no status effects
A: no striking features
a: no special abilities


You were on level 2 of the Dungeon.
You visited 1 branch of the dungeon, and saw 2 of its levels.

You collected 27 gold pieces.

Inventory:

Hand Weapons
 c - a +0 dagger of protection (weapon)
Armour
 a - a +0 robe (worn)
Scrolls
 b - a scroll of torment {unknown}
 f - a scroll of teleportation
Potions
 d - a potion of flight {unknown}
 e - a potion of heal wounds {unknown}


   Skills:
 + Level 0.1 Fighting
 + Level 2.6 Dodging
 + Level 2.6 Stealth
 + Level 3.8 Spellcasting
 + Level 1.9 Transmutations
 + Level 3.9 Poison Magic


You had 8 spell levels left.
You knew the following spells:

 Your Spells              Type           Power      Damage    Failure   Level
a - Sting                 Tmut/Pois      60%        1d6       3%          1

Your spell library contained the following spells:

 Spells                   Type           Power      Damage    Failure   Level
 Poisonous Vapours        Pois/Air       22%        N/A       9%          2
 Ignite Poison            Fire/Tmut/Pois 11%        N/A       17%         3
 Mephitic Cloud           Conj/Pois/Air  9%         N/A       22%         3
 Olgreb's Toxic Radiance  Pois           19%        N/A       26%         4


Dungeon Overview and Level Annotations

Branches:
Dungeon (2/15)

Altars:


Message History

The sting hits the gnoll.
The gnoll is poisoned.
The gnoll is lightly wounded.
Casting: Sting (safe; 4% risk of failure)
Confirm with . or Enter, or press ? or * to list all spells.
Aiming: Sting (safe; 4% risk of failure)
Press: ? - help, Shift-Dir - straight line, f/p - gnoll
Aim: a gnoll, wielding a +0 whip (lightly wounded, poisoned, 23% to evade)
The sting hits the gnoll.
The gnoll looks even sicker.
The gnoll is moderately wounded.
You see here a +0 club.
Casting: Sting (safe; 4% risk of failure)
Confirm with . or Enter, or press ? or * to list all spells.
Aiming: Sting (safe; 4% risk of failure)
Press: ? - help, Shift-Dir - straight line, f/p - gnoll
Aim: a gnoll, wielding a +0 whip (heavily wounded, poisoned, 23% to evade)
The sting hits the gnoll.
The gnoll looks even sicker.
The gnoll is almost dead.
The gnoll hits you with a +0 whip!
Casting: Sting (safe; 4% risk of failure)
Confirm with . or Enter, or press ? or * to list all spells.
Aiming: Sting (safe; 4% risk of failure)
Press: ? - help, Shift-Dir - straight line, f - gnoll, p - gnoll
Aim: a gnoll, wielding a +1 vorpal spear (23% to evade)
The sting hits the gnoll.
The gnoll looks even sicker.
You kill the gnoll!
The gnoll closely misses you.
Unknown command.
Casting: Sting (safe; 3% risk of failure)
Confirm with . or Enter, or press ? or * to list all spells.
Aiming: Sting (safe; 3% risk of failure)
Press: ? - help, Shift-Dir - straight line, f/p - gnoll
Aim: a gnoll, wielding a +1 vorpal spear (23% to evade)
The sting hits the gnoll.
The gnoll is poisoned.
The gnoll is lightly wounded.
The gnoll hits you from afar with a +1 vorpal spear.
* * * LOW HITPOINT WARNING * * *
x2
There is a stone staircase leading up here.
You can't go down here!
The gnoll hits you from afar with a +1 vorpal spear.
You die...

#######
#.....
#....#
####..#.#
#(.#.†#.#
#..g).#.###
#@.#......#
#######.#.#
#.#.# #g# .
#.# ##
#.#####.#
#...g..!#
#.##.#### #


You could see a gnoll (poisoned).

Vanquished Creatures
  A gnoll (D:2)
  A dart slug (D:1)
  6 ball pythons
  2 endoplasms
  2 goblins (D:1)
  6 hobgoblins
  4 jackals (D:1)
  A kobold (D:1)
  2 bats
  2 frilled lizards (D:1)
  2 giant cockroaches (D:1)
  2 rats (D:1)
31 creatures vanquished.

Notes
Turn   | Place    | Note
-------+----------+-------------------------------------------
     0 | D:1      | jestyr24 the Deep Elf Venom Mage began the quest for the
                  | Orb.
     0 | D:1      | Reached XP level 1. HP: 10/10 MP: 6/6
   402 | D:1      | Reached XP level 2. HP: 15/15 MP: 5/8
   442 | D:1      | Found a faded altar of an unknown god.
  1035 | D:1      | Reached XP level 3. HP: 19/19 MP: 8/10
  1455 | D:2      | Slain by a gnoll

Illustrated notes

Levels and vault maps discovered:
D:1:      minmay_arrival_five_plusses, layout_basic, basic_ecumenical_altar,
          minmay_pentomino_q2
D:2:      layout_basic, uniq_terence

Action                   || total
-------------------------++-------
Melee: Dagger            ||     1
 Cast: Sting             ||    58
  Use: Scroll            ||     2
Armor: Robe              ||     7
Dodge: Dodged            ||    12

Table legend: (Time is in decaauts)
 A = Elapsed time spent in this place.
 B = Non-inter-level travel time spent in this place.
 C = Inter-level travel time spent in this place.
 D = Time resting spent in this place.
 E = Time spent auto-exploring this place.
 F = Levels seen in this place.
 G = Mean time per level.
                   A        B        C        D        E       F      G
               +--------+--------+--------+--------+--------+-----+--------+
         Total |   1454 |   1454 |      0 |    281 |    889 |   2 |  727.0 |
       Dungeon |   1454 |   1454 |      0 |    281 |    889 |   2 |  727.0 |
               +--------+--------+--------+--------+--------+-----+--------+

Top non-repeatable levels by time:
     D:1: 1370 daAuts
     D:2: 83 daAuts
